[Event "Titled Tuesday Blitz April 12 Early 2022"]
[White "Yang, Kaiqi"]
[Black "Matlakov, Maxim"]
[WhiteFideId "8604398"]
[BlackFideId "4168003"]
[WhiteElo "2373"]
[BlackElo "2669"]
[Result "0-1"]
[Round "02"]
[TimeControl "180+1"]
[Date "2022.04.12"]
[WhiteClock "0:00:10"]
[BlackClock "0:01:10"]

1. e4 c5 2. Nc3 d6 3. d4 cxd4 4. Qxd4 Nc6 5. Qd2 e6 6. b3 d5 7. exd5 exd5 8. a3 Nf6 9. Bb2 d4 10. Nce2 Bc5 11. Nf3 O-O 12. Nexd4 Ne4 13. Qd3 Qa5+ 14. b4 Nxb4 15. axb4 Qxb4+ 16. Bc3 Nxc3 17. Be2 Re8 18. O-O Bxd4 19. Nxd4 Qxd4 0-1


[Site "https://www.chess.com"]

[Event "Titled Tuesday Blitz April 12 Early 2022"]
[White "Yurovskykh, Oleksandr"]
[Black "Pranav, V"]
[WhiteFideId "14134020"]
[BlackFideId "25060783"]
[WhiteElo "2292"]
[BlackElo "2349"]
[Result "0-1"]
[Round "02"]
[TimeControl "180+1"]
[Date "2022.04.12"]
[WhiteClock "0:00:06"]
[BlackClock "0:00:13"]

1. d4 Nf6 2. Nf3 d5 3. c3 c5 4. e3 Nc6 5. Nbd2 g6 6. dxc5 e5 7. b4 e4 8. Nd4 Ne5 9. Bb2 Bg7 10. Be2 O-O 11. O-O h5 12. c4 a5 13. a3 Re8 14. Qb3 Bg4 15. Bxg4 a4 16. Qa2 Nexg4 17. h3 Ne5 18. Nb5 Nd3 19. Bd4 Re6 20. Rad1 dxc4 21. Qxc4 Rc8 22. Nxe4 Nxe4 23. Rxd3 Bf8 24. Be5 Qe8 25. Qxe4 Qxb5 26. Rfd1 Rce8 27. f4 b6 28. c6 Rxc6 29. Qd5 Qxd5 30. Rxd5 f6 31. Bd4 Kf7 32. Rb5 Ree6 33. Rd2 Be7 34. Kf2 Red6 35. Ke2 Bd8 36. Kd3 f5 37. Rc2 Rxc2 38. Kxc2 Rc6+ 39. Kd3 Ke6 40. e4 Bc7 41. exf5+ gxf5 42. Be5 Bd8 43. Bd4 Bc7 44. g3 Rd6 45. Re5+ Kf6 46. Rd5+ Ke6 47. Rxd6+ Kxd6 48. Be5+ Kc6 49. Bxc7 Kxc7 50. Kc4 Kc6 51. b5+ Kd6 52. Kb4 Kd5 53. h4 Kd4 54. Kxa4 Kc4 55. g4 hxg4 56. h5 g3 57. h6 g2 58. h7 g1=Q 59. h8=Q Qd1# 0-1


[Site "https://www.chess.com"]

[Event "Titled Tuesday Blitz April 12 Early 2022"]
[White "Zanette, Edgard Vinicius"]
[Black "Di Nicolantonio, Lucas"]
[WhiteFideId "2109263"]
[BlackFideId "680460"]
[WhiteElo "2182"]
[BlackElo "2381"]
[Result "0-1"]
[Round "02"]
[TimeControl "180+1"]
[Date "2022.04.13"]
[WhiteClock "0:00:19"]
[BlackClock "0:00:58"]

1. e4 e5 2. Nf3 Nf6 3. Nxe5 d6 4. Nf3 Nxe4 5. Nc3 Nxc3 6. dxc3 Be7 7. Bf4 O-O 8. Qd2 Nc6 9. O-O-O Be6 10. a3 Qd7 11. h3 Rab8 12. Bd3 b5 13. Ng5 Bf5 14. g4 Bxd3 15. Qxd3 Bxg5 16. Bxg5 Ne5 17. Qd5 Rfe8 18. Rhe1 Nc4 19. f3 a5 20. h4 Re6 21. Rxe6 Qxe6 22. Qxe6 fxe6 23. Re1 e5 24. h5 Rf8 25. Rf1 e4 26. b3 Rxf3 27. Rxf3 exf3 28. bxc4 f2 0-1


[Site "https://www.chess.com"]

[Event "Titled Tuesday Blitz April 12 Early 2022"]
[White "Zavgorodniy, Sergiy"]
[Black "Manukian, Artak"]
[WhiteFideId "14110148"]
[BlackFideId "13301373"]
[WhiteElo "2420"]
[BlackElo "2364"]
[Result "1-0"]
[Round "02"]
[TimeControl "180+1"]
[Date "2022.04.13"]
[WhiteClock "0:02:12"]
[BlackClock "0:02:25"]

1. e4 c6 2. d4 d5 3. exd5 cxd5 4. c4 Nc6 5. Nc3 Nf6 6. Nf3 Bg4 7. cxd5 Nxd5 8. Qb3 Bxf3 9. gxf3 Nb6 10. Be3 e6 11. Rg1 g6 12. O-O-O Bg7 13. d5 exd5 14. Nxd5 O-O 15. Nxb6 Qf6 16. Nd5 Qh4 17. h3 Rfc8 18. Kb1 a5 19. Rg4 Qh5 20. Nb6 a4 21. Qb5 Ra5 22. Qxh5 gxh5 23. Rxg7+ 1-0


[Site "https://www.chess.com"]

[Event "Titled Tuesday Blitz April 12 Early 2022"]
[White "Zhu, Jiner"]
[Black "Demin, Vladimir"]
[WhiteFideId "8608059"]
[BlackFideId "4167457"]
[WhiteElo "2281"]
[BlackElo "2382"]
[Result "1-0"]
[Round "02"]
[TimeControl "180+1"]
[Date "2022.04.13"]
[WhiteClock "0:00:58"]
[BlackClock "0:00:09"]

1. e4 Nf6 2. e5 Nd5 3. d4 d6 4. Nf3 dxe5 5. Nxe5 g6 6. Bc4 Be6 7. O-O Nd7 8. Nf3 Ne3 9. Bxe3 Bxc4 10. Re1 Bg7 11. Nbd2 Ba6 12. Bg5 Nf6 13. Ne4 O-O 14. Nc5 h6 15. Be3 Nd5 16. Nxa6 bxa6 17. Bd2 Rb8 18. Rb1 g5 19. c4 Nb6 20. Qe2 e6 21. Bc3 Na4 22. Ba5 Qc8 23. b3 Nb6 24. Ne5 Qb7 25. Rbd1 Rbd8 26. h3 Nd7 27. Ng4 Nf6 28. Nxf6+ Bxf6 29. d5 exd5 30. cxd5 Rxd5 31. Qf3 Rxd1 32. Qxb7 Rd5 33. Qxd5 1-0


[Site "https://www.chess.com"]

[Event "Titled Tuesday Blitz April 12 Early 2022"]
[White "Zierk, Steven"]
[Black "Kozak, Antoni"]
[WhiteFideId "2034255"]
[BlackFideId "21832030"]
[WhiteElo "2494"]
[BlackElo "2236"]
[Result "1-0"]
[Round "02"]
[TimeControl "180+1"]
[Date "2022.04.12"]
[WhiteClock "0:00:24"]
[BlackClock "0:00:08"]

1. d4 d5 2. c4 e6 3. Nf3 Nf6 4. Nc3 c6 5. e3 Nbd7 6. Be2 dxc4 7. a4 Bb4 8. O-O O-O 9. Bxc4 Qe7 10. Qe2 e5 11. Rd1 e4 12. Nd2 Re8 13. h3 Nf8 14. Bb3 Bf5 15. Nf1 Rad8 16. Ng3 Bg6 17. a5 a6 18. Bd2 h5 19. Na4 Bd6 20. Nf1 h4 21. Rdc1 Bh5 22. Qe1 g5 23. Nc5 Ng6 24. Bd1 g4 25. hxg4 Bxg4 26. f3 Bf5 27. Ra3 h3 28. g4 Bc8 29. g5 Nd7 30. Nxe4 Bxa3 31. bxa3 f5 32. Bb4 Qe6 33. Nd6 Rf8 34. f4 c5 35. dxc5 Nb8 36. Qg3 Nc6 37. Bc3 Rd7 38. Be2 Rxd6 39. cxd6 Qxd6 40. Qxh3 Be6 41. Qh6 1-0


[Site "https://www.chess.com"]

[Event "Titled Tuesday Blitz April 12 Early 2022"]
[White "Zlatin, Alexander"]
[Black "Petrova, Irina"]
[WhiteFideId "2810549"]
[BlackFideId "14124122"]
[WhiteElo "2228"]
[BlackElo "1993"]
[Result "1-0"]
[Round "02"]
[TimeControl "180+1"]
[Date "2022.04.13"]
[WhiteClock "0:00:03"]
[BlackClock "0:00:03"]

1. d4 d6 2. Nc3 Nf6 3. Bf4 g6 4. e4 Bg7 5. Nf3 O-O 6. e5 Nfd7 7. Qd2 Nc6 8. O-O-O a6 9. h4 h5 10. Bc4 b5 11. Bd5 Bb7 12. exd6 cxd6 13. Bh6 Nf6 14. Bxc6 Bxc6 15. Bxg7 Kxg7 16. d5 Bd7 17. Ng5 Bf5 18. Rhe1 Rc8 19. Nce4 Rc4 20. f3 Qc7 21. b3 Bxe4 22. bxc4 Bf5 23. Qc3 Rc8 24. Ne4 Qxc4 25. Qxc4 Rxc4 26. Rd2 Bxe4 27. fxe4 Nxe4 28. Rde2 f5 29. Re3 Kf6 30. Ra3 Nc5 31. Rae3 Re4 32. Rxe4 Nxe4 33. Re3 Ke5 34. Ra3 Kxd5 35. Rxa6 e5 36. Ra7 Ke6 37. Rg7 Kf6 38. Rb7 Nc3 39. Kd2 Ne4+ 40. Ke3 Nc5 41. Rb6 f4+ 42. Kf2 Ke6 43. Rxb5 e4 44. Rb4 Ke5 45. a4 d5 46. a5 e3+ 47. Ke2 Ne4 48. a6 Ng3+ 49. Ke1 Nf5 50. a7 f3 51. gxf3 Ng3 52. a8=Q Nf5 53. Qb8+ Kf6 54. Qb6+ 1-0


[Site "https://www.chess.com"]

[Event "Titled Tuesday Blitz April 12 Early 2022"]
[White "parintele_chess"]
[Black "Aslanov, Umid"]
[BlackFideId "13412620"]
[WhiteElo "2256"]
[BlackElo "1796"]
[Result "0-1"]
[Round "02"]
[TimeControl "180+1"]
[Date "2022.04.13"]
[WhiteClock "0:00:03"]
[BlackClock "0:00:17"]

1. d4 d5 2. Bf4 Nf6 3. e3 c5 4. Nc3 cxd4 5. exd4 a6 6. Bd3 Nc6 7. Nf3 Bg4 8. Be2 e6 9. O-O Bd6 10. Ne5 Bxe2 11. Nxe2 Bxe5 12. dxe5 Nh5 13. Re1 Nxf4 14. Nxf4 Qg5 15. Nd3 O-O 16. f4 Qe7 17. c3 b5 18. Qf3 b4 19. cxb4 Nxb4 20. Nxb4 Qxb4 21. b3 g6 22. g3 Rac8 23. Rac1 Qd2 24. Qf2 Qa5 25. Rxc8 Rxc8 26. Re2 Rc1+ 27. Kg2 Qc7 28. a4 a5 29. Qd4 Qb7 30. Rf2 Qxb3 31. h4 Qc4 32. Qb2 Qe4+ 33. Kh3 Rh1+ 34. Rh2 Rb1 35. Qc2 Qxc2 36. Rxc2 Rb4 37. Rc8+ Kg7 38. Kg4 h5+ 39. Kg5 Rb3 40. g4 Rg3 0-1


[Site "https://www.chess.com"]

[Event "Titled Tuesday Blitz April 12 Early 2022"]
[White "Aaditya Dhingra"]
[Black "Dronavalli, Harika"]
[WhiteFideId "25678191"]
[BlackFideId "5015197"]
[WhiteElo "1849"]
[BlackElo "2382"]
[Result "0-1"]
[Round "03"]
[TimeControl "180+1"]
[Date "2022.04.13"]
[WhiteClock "0:00:13"]
[BlackClock "0:00:56"]

1. e4 c5 2. Nf3 e6 3. d4 cxd4 4. Nxd4 a6 5. Bd3 Bc5 6. Nb3 Ba7 7. Qg4 Kf8 8. Qe2 Ne7 9. O-O Nbc6 10. c4 Qc7 11. Nc3 Ng6 12. Be3 Nf4 13. Qd2 Nxd3 14. Bxa7 Rxa7 15. Qxd3 b6 16. Rad1 h5 17. c5 b5 18. f4 h4 19. e5 Ne7 20. Ne4 h3 21. Nd6 Qc6 22. Rd2 Bb7 23. f5 hxg2 24. Rff2 exf5 25. Na5 Qxc5 26. Naxb7 Qxe5 27. Qe2 Qxh2# 0-1


[Site "https://www.chess.com"]

[Event "Titled Tuesday Blitz April 12 Early 2022"]
[White "Abdilkhair, Abilmansur"]
[Black "Gabdrakhmanov, Azat"]
[WhiteFideId "13716417"]
[BlackFideId "34189197"]
[WhiteElo "2108"]
[BlackElo "2279"]
[Result "0-1"]
[Round "03"]
[TimeControl "180+1"]
[Date "2022.04.13"]
[WhiteClock "0:01:49"]
[BlackClock "0:02:20"]

1. d4 Nf6 2. Nc3 d5 3. Bf4 e6 4. e3 Be7 5. Qf3 c5 6. O-O-O cxd4 7. exd4 a6 8. Qg3 Nh5 9. Qg4 Nxf4 10. Qxg7 Ng6 11. Nf3 Bf8 0-1


[Site "https://www.chess.com"]

[Event "Titled Tuesday Blitz April 12 Early 2022"]
[White "Adelman, Charles"]
[Black "Skliarov, Viktor"]
[WhiteFideId "2003597"]
[BlackFideId "14106736"]
[WhiteElo "2306"]
[BlackElo "2229"]
[Result "1-0"]
[Round "03"]
[TimeControl "180+1"]
[Date "2022.04.13"]
[WhiteClock "0:01:49"]
[BlackClock "0:00:29"]

1. Nf3 g6 2. c4 Bg7 3. Nc3 Nf6 4. g3 O-O 5. Bg2 d5 6. cxd5 Nxd5 7. O-O c5 8. Nxd5 Qxd5 9. d3 Nc6 10. Be3 Qh5 11. Rc1 b6 12. d4 cxd4 13. Nxd4 Nxd4 14. Bxd4 Rb8 15. Bxg7 Kxg7 16. Rc7 Bg4 17. Rxe7 Rbe8 18. Qd4+ Kg8 19. Rxe8 Rxe8 20. e3 Bf3 21. Rc1 Bxg2 22. Kxg2 Qa5 23. a3 h5 24. h4 Qf5 25. Rc7 Re4 26. Qd8+ Kg7 27. Rc8 1-0


[Site "https://www.chess.com"]

[Event "Titled Tuesday Blitz April 12 Early 2022"]
[White "Agasarov, Benik"]
[Black "Lou, Yiping"]
[WhiteFideId "13314823"]
[BlackFideId "8603928"]
[WhiteElo "2527"]
[BlackElo "2412"]
[Result "0-1"]
[Round "03"]
[TimeControl "180+1"]
[Date "2022.04.13"]
[WhiteClock "0:00:07"]
[BlackClock "0:01:16"]

1. d4 d5 2. c4 c6 3. cxd5 cxd5 4. Nc3 Nf6 5. Bf4 Nc6 6. e3 Bf5 7. Qb3 Na5 8. Qa4+ Bd7 9. Qc2 e6 10. Bd3 Be7 11. h3 Rc8 12. Nf3 Ne4 13. Bxe4 dxe4 14. Qxe4 Qb6 15. Qc2 Nc4 16. O-O Qxb2 17. Qb3 Qxb3 18. axb3 Nxe3 19. fxe3 Rxc3 20. Rxa7 Bc8 21. Nd2 O-O 22. Raa1 g5 23. Ne4 Rxb3 24. Nxg5 b5 25. Rf3 h6 26. Ne4 Bb7 27. Rg3+ Kh7 28. Nc5 Bxc5 29. dxc5 Rg8 30. Rxg8 Kxg8 31. Ra7 Bd5 32. Bxh6 Rb2 33. g4 b4 34. g5 b3 35. g6 Rg2+ 36. Kf1 Rxg6 37. e4 b2 0-1


[Site "https://www.chess.com"]

[Event "Titled Tuesday Blitz April 12 Early 2022"]
[White "Agibileg, Uurtsaikh"]
[Black "Taspinar, Yanki"]
[WhiteFideId "4901606"]
[BlackFideId "34561188"]
[WhiteElo "2205"]
[BlackElo "1518"]
[Result "0-1"]
[Round "03"]
[TimeControl "180+1"]
[Date "2022.04.13"]
[WhiteClock "0:00:08"]
[BlackClock "0:00:21"]

1. d4 d5 2. c4 c6 3. Nf3 Nf6 4. Nc3 e6 5. Bg5 Nbd7 6. cxd5 exd5 7. e3 Bd6 8. Bd3 O-O 9. O-O Re8 10. Qc2 Nf8 11. h3 h6 12. Bh4 Be7 13. Bg3 Be6 14. Rab1 a5 15. Ne5 Rc8 16. f4 c5 17. f5 Bd7 18. Rbd1 Qb6 19. Be2 cxd4 20. exd4 Ne4 21. Bh2 Bg5 22. Rd3 Bb5 23. Kh1 Bxd3 24. Qxd3 Nxc3 25. bxc3 Qb2 26. Bh5 Re7 27. f6 gxf6 28. Qf5 Rxc3 29. h4 Bxh4 30. Nf3 Rxf3 31. Bxf3 Qxd4 32. Bxd5 Bg5 33. Bd6 Rd7 34. Bxf8 Rxd5 35. Qc8 Qh4+ 36. Kg1 Be3+ 0-1


[Site "https://www.chess.com"]

[Event "Titled Tuesday Blitz April 12 Early 2022"]
[White "Allahverdiyeva, Ayan"]
[Black "Avramidou, Anastasia"]
[WhiteFideId "13412590"]
[BlackFideId "4239873"]
[WhiteElo "1910"]
[BlackElo "2183"]
[Result "0-1"]
[Round "03"]
[TimeControl "180+1"]
[Date "2022.04.13"]
[WhiteClock "0:00:01"]
[BlackClock "0:00:20"]

1. e4 g6 2. d4 Bg7 3. Nc3 c6 4. Nf3 d6 5. h3 Nf6 6. Be3 b5 7. a3 O-O 8. Qd2 a5 9. Bh6 Na6 10. Bxg7 Kxg7 11. e5 dxe5 12. dxe5 Qxd2+ 13. Kxd2 Rd8+ 14. Bd3 Nd5 15. Nxd5 Rxd5 16. g4 Nc5 17. Rhe1 Ba6 18. b4 Nxd3 19. cxd3 Rad8 20. d4 Bb7 21. Kc3 R5d7 22. e6 Rc7 23. exf7 c5 24. Ng5 cxd4+ 25. Kd2 Bd5 26. Re5 Ra7 27. f4 h6 28. Ne6+ Bxe6 29. Rxe6 axb4 30. Re5 Rb8 31. Rb1 bxa3 0-1


[Site "https://www.chess.com"]

[Event "Titled Tuesday Blitz April 12 Early 2022"]
[White "Andreikin, Dmitry"]
[Black "GodDMuhammad"]
[WhiteFideId "4158814"]
[WhiteElo "2736"]
[BlackElo "2302"]
[Result "1-0"]
[Round "03"]
[TimeControl "180+1"]
[Date "2022.04.12"]
[WhiteClock "0:01:53"]
[BlackClock "0:00:53"]

1. e4 e5 2. Nf3 f5 3. Nxe5 Qf6 4. d4 d6 5. Nc4 fxe4 6. Nc3 Qg6 7. h4 Nf6 8. h5 Qf7 9. Bg5 Nbd7 10. Ne3 c6 11. d5 Be7 12. h6 g6 13. dxc6 bxc6 14. Bc4 d5 15. Nexd5 cxd5 16. Nxd5 Nxd5 17. Bxd5 Qf5 18. Bxe7 Rb8 19. Ba3 Ba6 20. Qd4 Qf6 21. O-O-O Qxd4 22. Rxd4 1-0


[Site "https://www.chess.com"]

[Event "Titled Tuesday Blitz April 12 Early 2022"]
[White "Ansh M Shah"]
[Black "Rudykh, Stepan"]
[WhiteFideId "25033379"]
[BlackFideId "4180321"]
[WhiteElo "1819"]
[BlackElo "2135"]
[Result "0-1"]
[Round "03"]
[TimeControl "180+1"]
[Date "2022.04.13"]
[WhiteClock "0:00:01"]
[BlackClock "0:00:23"]

1. d4 e6 2. c4 f5 3. Nf3 Nf6 4. g3 Be7 5. Bg2 O-O 6. O-O d6 7. Nbd2 a5 8. b3 Ne4 9. Bb2 a4 10. Qc2 a3 11. Bc1 Nxd2 12. Nxd2 e5 13. dxe5 dxe5 14. c5 Nc6 15. e3 Kh8 16. Nc4 Be6 17. Rd1 Qe8 18. Nxa3 e4 19. Bb2 Nb4 20. Qe2 Bxc5 21. Nc2 Nxa2 22. Bd4 Bd6 23. h3 Bxb3 24. Bb2 Be5 25. Bxe5 Qxe5 26. Nd4 Nc3 27. Rxa8 Rxa8 28. Qe1 Nxd1 29. Qb4 Qd5 0-1


[Site "https://www.chess.com"]

[Event "Titled Tuesday Blitz April 12 Early 2022"]
[White "Antonio, Jorge Carlos"]
[Black "Namitbir Singh Walia"]
[WhiteFideId "113190"]
[BlackFideId "35071068"]
[WhiteElo "2247"]
[BlackElo "1565"]
[Result "0-1"]
[Round "03"]
[TimeControl "180+1"]
[Date "2022.04.13"]
[WhiteClock "0:00:02"]
[BlackClock "0:00:03"]

1. e4 c5 2. c3 d5 3. exd5 Qxd5 4. d4 Nf6 5. Nf3 Nc6 6. Be3 cxd4 7. cxd4 Bg4 8. Nc3 Qa5 9. Bb5 e6 10. h3 Bh5 11. O-O Bb4 12. Bxc6+ bxc6 13. Rc1 O-O 14. g4 Nxg4 15. hxg4 Bxg4 16. Kg2 Qf5 17. Nh4 Qh5 18. f3 Qxh4 19. fxg4 f5 20. Rh1 Qf6 21. g5 Qg6 22. Qh5 f4 23. Qxg6 hxg6 24. Bf2 f3+ 25. Kf1 Rf4 26. a3 Bd6 27. b4 a5 28. b5 Bxa3 29. Rb1 Bb4 30. Na2 cxb5 31. Nxb4 axb4 32. Be1 Ra2 33. Bxb4 f2 34. Bc5 Rc2 35. Rh2 Rf5 36. Be7 Rf4 37. Bc5 Kf7 38. d5 exd5 39. Rxf2 Rcxf2+ 40. Bxf2 b4 41. Ke2 Ke6 42. Be3 Re4 43. Kd3 Rg4 44. Ra1 Ke5 45. Ra8 Rg3 46. Re8+ Kf5 47. Rd8 Ke6 48. Re8+ Kf5 49. Rd8 Ke6 50. Rb8 Ke5 51. Rxb4 Rf3 52. Rd4 Rg3 53. Rb4 Ke6 54. Rb6+ Kf5 55. Rb8 Ke5 56. Re8+ Kd6 57. Rg8 Ke5 58. Rxg7 d4 59. Re7+ Kd6 60. Rg7 Rxe3+ 61. Kxd4 Re6 62. Rg8 Kc6 63. Rd8 Kc7 64. Rd5 Kc6 65. Ra5 Kd7 66. Kd3 Kc8 67. Kd4 Rb6 0-1


[Site "https://www.chess.com"]

[Event "Titled Tuesday Blitz April 12 Early 2022"]
[White "Aslanov, Umid"]
[Black "Cabarkapa, Novak"]
[WhiteFideId "13412620"]
[BlackFideId "943746"]
[WhiteElo "1796"]
[BlackElo "2443"]
[Result "1-0"]
[Round "03"]
[TimeControl "180+1"]
[Date "2022.04.13"]
[WhiteClock "0:00:11"]
[BlackClock "0:00:30"]

1. e4 d5 2. exd5 Qxd5 3. Nc3 Qd6 4. d4 Nf6 5. Nf3 g6 6. Be2 Bg7 7. O-O a6 8. h3 b5 9. a3 Bb7 10. Be3 O-O 11. Ne5 Nbd7 12. Bf4 Qb6 13. Bf3 Rad8 14. Bxb7 Qxb7 15. Qe2 e6 16. Nxd7 Rxd7 17. Be5 Rc8 18. Rad1 c5 19. dxc5 Rxc5 20. Bxf6 Bxf6 21. Ne4 Rf5 22. g4 Rxd1 23. Rxd1 Rf4 24. Nxf6+ Rxf6 25. Rd8+ Kg7 26. Qe5 Qf3 27. Qd4 e5 28. Qc5 Kh6 29. Rd5 Qxh3 30. g5+ Kxg5 31. Rxe5+ Rf5 32. Qe7+ Kh5 33. Re3 Qg4+ 34. Rg3 Qd1+ 35. Kg2 Qd5+ 36. Kg1 Rg5 37. Qe2+ Kh4 38. Kh2 Rxg3 39. fxg3+ Kg5 40. Qe3+ Kh5 41. Qf4 g5 42. Qe3 Kg4 43. b3 f5 44. a4 bxa4 45. bxa4 h5 46. Qe2+ Qf3 47. Qc4+ f4 48. Qe6# 1-0


[Site "https://www.chess.com"]

[Event "Titled Tuesday Blitz April 12 Early 2022"]
[White "Atakhan, Abtin"]
[Black "Zierk, Steven"]
[WhiteFideId "22502203"]
[BlackFideId "2034255"]
[WhiteElo "2094"]
[BlackElo "2494"]
[Result "1-0"]
[Round "03"]
[TimeControl "180+1"]
[Date "2022.04.12"]
[WhiteClock "0:00:26"]
[BlackClock "0:00:30"]

1. c4 Nf6 2. g3 g6 3. Bg2 Bg7 4. Nc3 O-O 5. Nf3 c5 6. O-O d6 7. d4 Nc6 8. dxc5 dxc5 9. Be3 Be6 10. Bxc5 Qa5 11. b4 Nxb4 12. Bxe7 Rfe8 13. Bxb4 Qxb4 14. Nd5 Qxc4 15. Nxf6+ Bxf6 16. Rb1 Rab8 17. Nd2 Qxa2 18. Ne4 Bg7 19. Nc5 Bc4 20. Qd7 b6 21. Ne4 Rbd8 22. Qc7 Bxe2 23. Rfe1 Rc8 24. Qb7 Qa6 25. Nd6 Bc3 26. Qxf7+ Kh8 27. Nxe8 Bc4 28. Qf8+ Bg8 29. Bd5 1-0


[Site "https://www.chess.com"]

[Event "Titled Tuesday Blitz April 12 Early 2022"]
[White "Avazkhonov, Alikhon"]
[Black "Mangialardo, Tiago Carvalho"]
[WhiteFideId "14208504"]
[BlackFideId "2130718"]
[WhiteElo "1739"]
[BlackElo "2040"]
[Result "1-0"]
[Round "03"]
[TimeControl "180+1"]
[Date "2022.04.13"]
[WhiteClock "0:00:12"]
[BlackClock "0:00:02"]

1. e4 Nf6 2. e5 Nd5 3. d4 d6 4. Nf3 Nc6 5. Bc4 Nb6 6. Bb3 dxe5 7. d5 Nd4 8. Nxd4 exd4 9. Qxd4 e6 10. c4 Bb4+ 11. Nc3 O-O 12. Be3 a5 13. O-O-O a4 14. Bc2 e5 15. Qxe5 a3 16. b3 Re8 17. Qd4 Nd7 18. Ne4 f5 19. Ng5 Bc5 20. Qf4 Be7 21. Ne6 g5 22. Qxf5 Ne5 23. Qxh7# 1-0


[Site "https://www.chess.com"]

[Event "Titled Tuesday Blitz April 12 Early 2022"]
[White "Bach, Ngoc Thuy Duong"]
[Black "De Souza, Cristiano Gomes"]
[WhiteFideId "12408956"]
[BlackFideId "2151758"]
[WhiteElo "1862"]
[BlackElo "2068"]
[Result "1-0"]
[Round "03"]
[TimeControl "180+1"]
[Date "2022.04.13"]
[WhiteClock "0:02:15"]
[BlackClock "0:02:17"]

1. d4 Nf6 2. c4 g6 3. Nc3 Bg7 4. e4 d6 5. Nf3 O-O 6. Be2 e5 7. O-O Nc6 8. d5 Ne7 9. b4 Nh5 10. g3 f5 11. Ng5 Nf6 12. f3 h6 13. Ne6 Bxe6 14. dxe6 c6 15. b5 Ne8 16. Ba3 Rf6 17. c5 d5 18. exd5 Nxd5 19. Nxd5 cxd5 20. e7 Qxe7 21. Qxd5+ Qf7 22. Qxf7+ Kxf7 23. Bc4+ Ke7 24. c6+ Kd8 25. Rfd1+ Kc8 26. cxb7+ Kxb7 27. Bd5+ 1-0


[Site "https://www.chess.com"]

[Event "Titled Tuesday Blitz April 12 Early 2022"]
[White "Bachmann, Axel"]
[Black "Pliukha, Myhajlo"]
[WhiteFideId "3700488"]
[BlackFideId "14164698"]
[WhiteElo "2587"]
[BlackElo "2229"]
[Result "1/2-1/2"]
[Round "03"]
[TimeControl "180+1"]
[Date "2022.04.13"]
[WhiteClock "0:00:07"]
[BlackClock "0:00:29"]

1. d4 Nf6 2. g3 e6 3. c4 d5 4. Nf3 dxc4 5. Bg2 c5 6. O-O Nc6 7. Qa4 cxd4 8. Nxd4 Qxd4 9. Bxc6+ Bd7 10. Rd1 Bxc6 11. Qxc6+ bxc6 12. Rxd4 Nd5 13. Rxc4 c5 14. a3 Nb6 15. Rc2 Be7 16. Be3 Rc8 17. Nd2 Nd5 18. Nc4 Nxe3 19. Nxe3 O-O 20. Rac1 Rfd8 21. b4 Rc7 22. a4 Rdc8 23. b5 Bg5 24. f4 Bf6 25. Nc4 Rd7 26. a5 Rb8 27. Rb1 Rdb7 28. Nd6 Rd7 29. Ne4 Bd4+ 30. Kg2 Rdb7 31. Nxc5 Rc7 32. Na6 Rxc2 33. Nxb8 Rxe2+ 34. Kf3 Ra2 35. b6 f5 36. g4 Ra3+ 37. Kg2 axb6 38. axb6 Bxb6 39. Rxb6 fxg4 40. Rxe6 Kf7 41. Re5 g6 42. Nc6 h5 43. Nd4 h4 44. f5 Ra2+ 45. Kg1 gxf5 46. Rxf5+ Kg6 47. Rd5 Rd2 48. Rd6+ Kf7 49. Rd5 Kf6 50. Rf5+ Ke7 51. Rf4 g3 52. hxg3 hxg3 53. Rg4 Kf6 54. Nf3 Ra2 55. Rxg3 Kf5 56. Ne1 Kf4 57. Rf3+ Ke4 58. Rf8 Kd4 59. Kf1 Ke4 60. Re8+ Kf4 61. Rf8+ Ke4 62. Rf7 Ke3 63. Rf3+ Ke4 64. Rc3 Kd4 65. Rb3 Kc4 66. Rh3 Kd4 67. Rf3 Ke4 68. Rf8 Ke3 69. Rd8 Rf2+ 70. Kg1 Ra2 71. Rd7 Ra1 72. Kf1 Ra2 73. Rd3+ Ke4 74. Rd1 Ke3 75. Rc1 Rf2+ 76. Kg1 Ra2 77. Nc2+ Kd2 78. Ra1 Rxc2 79. Ra4 Ke2 80. Rf4 Ke3 81. Rf8 Rd2 82. Kf1 Ra2 83. Kg1 Ke4 84. Kf1 Ke5 85. Kg1 Kd4 86. Rf2 Ra3 87. Kg2 Ke4 88. Kg1 Ke3 89. Rf8 Ra2 90. Kf1 Kd4 91. Kg1 Ke5 92. Kf1 Ra7 93. Rf2 Ke4 94. Re2+ Kd3 95. Re6 Rf7+ 96. Ke1 Rf3 97. Re7 Rf5 98. Re8 Kd4 99. Re7 Rh5 100. Re8 Rh6 101. Re7 Rh8 102. Re6 Kd3 103. Re7 Rh1+ 104. Kf2 Rh2+ 105. Ke1 Rh8 106. Re6 Rh7 107. Re8 Kd4 108. Re6 Rh8 109. Re7 Kd5 110. Kf1 Rf8+ 111. Ke1 Kd6 112. Re3 Rf5 113. Ke2 Kd5 114. Rd3+ Kc4 115. Rd7 Rd5 116. Rxd5 Kxd5 1/2-1/2


[Site "https://www.chess.com"]

[Event "Titled Tuesday Blitz April 12 Early 2022"]
[White "Barp, Alberto"]
[Black "Bryakin, Mikhail"]
[WhiteFideId "872555"]
[BlackFideId "4165314"]
[WhiteElo "2229"]
[BlackElo "2417"]
[Result "0-1"]
[Round "03"]
[TimeControl "180+1"]
[Date "2022.04.12"]
[WhiteClock "0:00:56"]
[BlackClock "0:01:29"]

1. d4 Nf6 2. c4 c5 3. d5 e6 4. Nc3 exd5 5. cxd5 d6 6. e4 g6 7. Nge2 Bg7 8. Ng3 O-O 9. Be2 Re8 10. O-O a6 11. a4 h5 12. Bg5 Qc7 13. Qd2 Nbd7 14. f4 Nh7 15. Bh4 b6 16. Bxh5 gxh5 17. Nxh5 Bd4+ 18. Kh1 Ndf6 19. Nxf6+ Bxf6 20. Bxf6 Nxf6 21. e5 dxe5 22. d6 Qd8 23. Rae1 e4 24. f5 Bb7 25. Qg5+ Kh8 26. Qh6+ Nh7 27. f6 Rg8 28. Rf5 Rg6 29. Qh4 e3 30. Re2 Rxf6 0-1


[Site "https://www.chess.com"]

[Event "Titled Tuesday Blitz April 12 Early 2022"]
[White "Bekturov, Tamerlan"]
[Black "Khamdamova, Afruza"]
[WhiteFideId "13710184"]
[BlackFideId "14210444"]
[WhiteElo "2151"]
[BlackElo "1660"]
[Result "1-0"]
[Round "03"]
[TimeControl "180+1"]
[Date "2022.04.13"]
[WhiteClock "0:00:21"]
[BlackClock "0:00:11"]

1. d4 Nf6 2. c4 e6 3. g3 d5 4. Bg2 dxc4 5. Nf3 c5 6. O-O Nc6 7. dxc5 Qxd1 8. Rxd1 Bxc5 9. Nbd2 c3 10. bxc3 O-O 11. Nb3 Bb6 12. Nfd4 Bd7 13. Bg5 Rac8 14. a4 a6 15. a5 Ba7 16. Bxf6 gxf6 17. Nf5 Ne5 18. Ne7+ Kg7 19. Nxc8 Rxc8 20. e3 Rxc3 21. Nd4 Bc6 22. Nxc6 bxc6 23. Rdc1 Rxc1+ 24. Rxc1 c5 25. Rb1 c4 26. Bf1 Bc5 27. Rc1 Ba3 28. Rc2 Bb4 29. Bxc4 Nxc4 30. Rxc4 Bxa5 31. Ra4 Bc7 32. Rxa6 Be5 33. Kg2 f5 34. f4 Bf6 35. Kf3 Kg6 36. e4 Bd4 37. exf5+ Kxf5 38. g4+ Kf6 39. Ke4 Bg1 40. h4 Kg7 41. h5 h6 42. f5 exf5+ 43. gxf5 Bh2 44. f6+ Kh7 45. Kf5 Bd6 46. Rxd6 1-0


[Site "https://www.chess.com"]